 Dungeon Crawl Stone Soup version 0.31-a0-1082-g7d1fb776a8 (webtiles) character file.

Game seed: 11962315743954186638

1188 Flugslaktarn the Insei (level 8, -1/56 HPs)
             Began as an Octopode Shapeshifter on Nov 28, 2023.
             Slain by an ice beast (9 damage)
             ... on level 6 of the Dungeon.
             The game lasted 00:02:48 (5118 turns).

Flugslaktarn the Insei (Octopode Shapeshifter)      Turns: 5118, Time: 00:02:49

Health: -1/56      AC:  1    Str: 13    XL:     8   Next: 43%
Magic:  8/8        EV: 11    Int: 12    God:
Gold:   249        SH:  9    Dex: 14    Spells: 7/7 levels left

rFire   . .          .
                       - Unarmed
rCold   . . .        j - +0 kite shield
rNeg    . . .        (helmet currently unavailable)
rPois   .            o - amulet of regeneration
rElec   .            (no ring)
rCorr   .            (no ring)
SInv    .            (no ring)
Will    .....        (no ring)
Stlth   ++           (no ring)
HPRegen 1.09/turn    (no ring)
MPRegen 0.11/turn    (no ring)
                     (no ring)

%: no passive effects
@: beast-form
A: beast (slay +2), almost no armour, amphibious, 8 rings, camouflage 1,
gelatinous body 1, (nimble swimmer 1), tentacles
a: Begin Untransformation


You were on level 6 of the Dungeon.
You were a hulking beast.
You visited 2 branches of the dungeon, and saw 8 of its levels.

You collected 249 gold pieces.

Inventory:

Armour
 j - a +0 kite shield (worn)
   (You found it on level 2 of the Dungeon)
Jewellery
 o - an amulet of regeneration (around mantle)
   (You found it on level 5 of the Dungeon)
Talismans
 b - a beast talisman
 c - a flux talisman
Wands
 k - a wand of charming (10)
   (You found it on level 5 of the Dungeon)
Scrolls
 a - 2 scrolls of fog
 e - a scroll of amnesia
 h - a scroll of brand weapon {unknown}
 i - 2 scrolls of summoning
 l - a scroll of vulnerability {unknown}
 m - a scroll of revelation {unknown}
 n - a scroll of immolation {unknown}
 r - a scroll of silence
 t - 6 scrolls of teleportation
Potions
 d - 2 potions of berserk rage {unknown}
 f - 2 potions of resistance {unknown}
 g - a potion of haste {unknown}
 p - 2 potions of invisibility
 q - 3 potions of curing


   Skills:
 + Level 5.6 Fighting
 - Level 2.0 Dodging
 + Level 5.1 Shields
 + Level 6.2 Unarmed Combat
 - Level 3.6 Shapeshifting


You had 7 spell levels left.
You didn't know any spells.
Your spell library was empty.

Dungeon Overview and Level Annotations

Branches:
Dungeon (7/15)             Temple (1/1) D:4

Altars:
Cheibriados
Elyvilon
Gozag
Hepliaklqana
Kikubaaqudgha
Makhleb
Okawaru
Qazlal
Ru
Uskayaw
Vehumet
Wu Jian
Xom
Yredelemnul
Zin
The Shining One

Shops:
D:5 [

Annotations:
D:2 1 runed translucent door, Crazy Yiuf


Innate Abilities, Weirdness & Mutations

You are a hulking beast.
Your limbs bulge with bestial killing power. (Slay +2)
You cannot wear most types of armour.
You are amphibious.
You can wear up to eight rings at the same time.
Your skin changes colour to match your surroundings (Stealth+).
Your rubbery body absorbs attacks. (AC +1, EV +1)
((You are camouflaged when in or above water. (Stealth+)))
You have tentacles for arms and can constrict up to eight enemies at once.


Message History

You tentacle-slap the shadow imp.
The shadow imp is severely wounded.
You constrict the shadow imp. The shadow imp completely misses you.
You release your grip on the shadow imp.
The hound barely misses you.
You tentacle-slap the hound. You grab the hound. You squeeze the hound.
The hound is moderately wounded.
You constrict the hound.
A shadow imp comes into view.
The hound bites you. The shadow imp puffs mist at you.
You bludgeon the hound! You tentacle-slap the hound.
You kill the hound!
An ufetubus comes into view.
A shadow imp comes into view.
The ufetubus shouts!
The shadow imp shouts, "Return whence thou came, thou tottering limp-willed scut!"
You tentacle-slap the shadow imp but do no damage.
You grab the shadow imp.
You tentacle-slap the shadow imp, but do no damage.
The shadow imp is severely wounded.
You constrict the shadow imp.
A shadow imp comes into view.
The shadow imp barely misses you.
The shadow imp shouts!
You bludgeon the shadow imp!
You kill the shadow imp!
The shadow imp gestures at you. Pain shoots through your body!
A white imp comes into view.
The white imp shouts!
The shadow imp puffs mist at you.
An ufetubus comes into view.
The ufetubus hits you but does no damage.
You block the ufetubus's attack. The shadow imp closely misses you.
You block the ufetubus's attack. The ufetubus misses you.
The ufetubus attacks as it pursues you! You block the ufetubus's attack.
The ufetubus hits you. The ufetubus slips past you!
The ufetubus barely misses you. x2
You tentacle-slap the shadow imp. You grab the shadow imp.
You squeeze the shadow imp.
The shadow imp is heavily wounded.
You constrict the shadow imp. The ufetubus hits you.
You block the ufetubus's attack. You block the shadow imp's attack.
You tentacle-slap the shadow imp but do no damage.
The shadow imp is severely wounded.
You constrict the shadow imp. You block the ufetubus's attack. x3
The ufetubus hits you.
An ice beast comes into view.
The shadow imp hits you.
You tentacle-slap the shadow imp.
You kill the shadow imp!
The ufetubus hits you. You block the ufetubus's attack.
You tentacle-slap the shadow imp. You grab the shadow imp.
The shadow imp is severely wounded.
You constrict the shadow imp. The ufetubus hits you.
The ufetubus hits you but does no damage.
The shadow imp hits you. The ufetubus barely misses you.
You block the ufetubus's attack.
You bludgeon the ufetubus!
You kill the ufetubus!
You constrict the shadow imp. The shadow imp hits you.
You release your grip on the shadow imp.
The shadow imp attacks as it pursues you!
You block the shadow imp's attack.
The ufetubus shouts!
You bludgeon the shadow imp!
You kill the shadow imp!
You tentacle-slap the shadow imp. You grab the shadow imp.
You tentacle-slap the shadow imp!
You kill the shadow imp!
The white imp gestures at you. The puff of frost hits you!
You barely miss the white imp. Your grab misses the white imp.
The white imp hits you but does no damage.
You tentacle-slap the white imp. You grab the white imp.
You squeeze the white imp, but do no damage.
The white imp is moderately wounded.
You constrict the white imp. You block the white imp's attack.
You tentacle-slap the white imp but do no damage.
The white imp is heavily wounded.
You constrict the white imp. The white imp gestures at you.
The puff of frost hits you!
You tentacle-slap the white imp.
You kill the white imp!
You tentacle-slap the ice beast. Your squeeze misses the ice beast.
The ice beast is lightly wounded.
You block the ice beast's attack. The ice beast hits you.
The ice beast freezes you!
* * * LOW HITPOINT WARNING * * *
You bludgeon the ice beast! Your squeeze misses the ice beast.
The ice beast is moderately wounded.
The ice beast hits you.
* * * LOW HITPOINT WARNING * * *
The ice beast freezes you!
* * * LOW HITPOINT WARNING * * *
You feel better. The ice beast hits you.
* * * LOW HITPOINT WARNING * * *
The ice beast freezes you!
You die...

........# #...####
..$.....# #.###
......... ##.#
........# #..#
........# ######.##
........# ###......# #
P.......###.♣...##...#
#.##.........###
#5Yh..♣...####
.P.§....###.....#
......... #####.#
........## #.#
........# #.#
....?...# .# .........
.# 5........


You could see an ice beast and a white imp.

Vanquished Creatures
  Sigmund (D:4)
  A water moccasin (D:5)
  2 black bears
  An orc warrior (D:7)
  A bullfrog (D:6)
  A scorpion (D:5)
  3 hounds
  A jelly (D:4)
  An orc priest (D:7)
  3 iguanas
  3 sleepcaps (D:5)
  2 orc wizards
  4 adders
  4 shadow imps (D:6)
  A white imp (D:6)
  2 ufetubi (D:6)
  2 worms
  2 dart slugs (D:1)
  13 orcs
  6 endoplasms
  2 giant cockroaches (D:1)
  7 goblins
  8 hobgoblins
  6 jackals
  5 kobolds
  A quokka (D:4)
  8 ball pythons
  5 bats
  6 frilled lizards
  2 rats
  A butterfly (D:4)
105 creatures vanquished.

Notes
Turn   | Place    | Note
-------+----------+-------------------------------------------
     0 | D:1      | Flugslaktarn the Octopode Shapeshifter began the quest for
                  | the Orb.
     0 | D:1      | Reached XP level 1. HP: 13/13 MP: 1/1
    95 | D:1      | Reached XP level 2. HP: 16/18 MP: 2/2
   403 | D:1      | Reached XP level 3. HP: 20/23 MP: 3/3
  1259 | D:2      | Found a runed translucent door.
  1260 | D:2      | Noticed Crazy Yiuf
  1373 | D:2      | Found a faded altar of an unknown god.
  1823 | D:3      | Reached skill level 1 in Shields
  1823 | D:3      | Reached XP level 4. HP: 8/29 MP: 4/4
  2838 | D:4      | Found a staircase to the Ecumenical Temple.
  2930 | Temple   | Entered the Ecumenical Temple
  3000 | D:4      | Noticed a black bear
  3007 | D:4      | Killed a black bear
  3008 | D:4      | Reached skill level 4 in Unarmed Combat
  3008 | D:4      | Reached XP level 5. HP: 18/36 MP: 5/5
  3107 | D:4      | Reached XP level 6. HP: 11/42 MP: 6/6
  3401 | D:4      | You fall into a shaft and drop 3 floors!
  3404 | D:7      | Found a stormy altar of Qazlal.
  3419 | D:7      | Noticed an orc warrior
  3437 | D:7      | Killed an orc warrior
  3516 | D:5      | Entered Level 5 of the Dungeon
  3617 | D:4      | Noticed Sigmund
  3627 | D:4      | Killed Sigmund
  3628 | D:4      | Reached skill level 5 in Unarmed Combat
  3628 | D:4      | Reached XP level 7. HP: 46/48 MP: 7/7
  4640 | D:5      | Reached XP level 8. HP: 54/54 MP: 8/8
  4670 | D:5      | Reached skill level 5 in Fighting
  4801 | D:5      | Reached skill level 6 in Unarmed Combat
  4848 | D:5      | Found Munwanie's Armour Boutique.
  5092 | D:6      | Reached skill level 5 in Shields
  5118 | D:6      | Slain by an ice beast

Illustrated notes

Levels and vault maps discovered:
D:1:      orjb1_lava_funnel, layout_basic
D:2:      layout_basic, shapermc_ecumenical_altar_mp_urbaneastern, st_stairs_11,
          serial_bayou_pond_e, uniq_crazy_yiuf_cottage
D:3:      layout_basic
D:4:      layout_loops_ring, minmay_temple_entry_butterflies, uniq_sigmund
D:5:      layout_loops_corners, serial_glass, glass_columns_a, glass_columns_c,
          serial_shops, shop
D:6:      layout_rooms, serial_demonic, serial_demonic_a, serial_demonic_a,
          serial_demonic_g, serial_demonic_c, serial_demonic_f,
          chequers_serial_rivers_large_a, uniq_prince_ribbit1
D:7:      layout_loops_cross, nicolae_qazlal_scattered_showers,
          mainiacjoe_overflow_chevrons, mainiacjoe_overflow_alcove_3
Temple:   nicolae_temple_superstar

Skill      XL: |  1  2  3  4  5  6  7  8 |
---------------+-------------------------+-----
Fighting       | 2 3 4 5 |  5.6
Shields        | 1 2 3 4 5 |  5.1
Unarmed Combat | 4 5 6 |  6.2
Dodging        | |  2.0
Shapeshifting  | |  3.6

Action                     |  1- 3 |  4- 6 |  7- 9 || total
---------------------------+-------+-------+-------++-------
  Melee: Unarmed           |    65 |    78 |    81 ||   224
         Constrict         |    22 |    21 |    21 ||    64
         Tentacles         |    12 |    22 |    16 ||    50
         Punch             |     2 |     5 |     9 ||    16
    Use: Potion            |     1 |     4 |     1 ||     6
         Scroll            |       |     7 |       ||     7
   Stab: Sleeping          |     4 |     5 |     7 ||    16
         Invisible         |       |     2 |       ||     2
 Armour: Skin              |    39 |    29 |    39 ||   107
  Dodge: Dodged            |    37 |    21 |    37 ||    95
  Block: Kite shield       |     5 |    29 |    44 ||    78

Table legend: (Time is in decaauts)
 A = Elapsed time spent in this place.
 B = Non-inter-level travel time spent in this place.
 C = Inter-level travel time spent in this place.
 D = Time resting spent in this place.
 E = Time spent auto-exploring this place.
 F = Levels seen in this place.
 G = Mean time per level.
                   A        B        C        D        E       F      G
               +--------+--------+--------+--------+--------+-----+--------+
         Total |   5137 |   4850 |    287 |    162 |   3969 |   8 |  642.1 |
       Dungeon |   5135 |   4849 |    286 |    162 |   3969 |   7 |  733.6 |
        Temple |      1 |      1 |      0 |      0 |      0 |   1 |    1.0 |
               +--------+--------+--------+--------+--------+-----+--------+

Top non-repeatable levels by time:
     D:3: 1140 daAuts
     D:5: 1039 daAuts
     D:4: 1023 daAuts
     D:2: 905 daAuts
     D:1: 786 daAuts
     D:6: 132 daAuts
     D:7: 106 daAuts
  Temple: 1 daAuts
